 Dungeon Crawl Stone Soup version 0.26.0-10-g1f06aea511 (webtiles) character file.

Game seed: 11377665987889725072

66 Borgoz the Slasher (level 4, 0/36 HPs)
             Began as a Ghoul Gladiator on Jan 18, 2021.
             Slain by a gnoll
             ... wielding a +0 flail
              (5 damage)
             ... on level 2 of the Dungeon.
             The game lasted 00:01:00 (988 turns).

Borgoz the Slasher (Ghoul Gladiator)                 Turns: 988, Time: 00:01:00

Health: 0/36       AC:  6    Str: 17    XL:     4   Next: 15%
Magic:  3/3        EV: 12    Int:  3    God:
Gold:   67         SH:  0    Dex: 11    Spells: 3/3 levels left

rFire    . . .     SeeInvis .   a - +0 long sword
rCold    + . .     Faith    .   (no shield)
rNeg     + + +     Spirit   .   m - +0 ring mail
rPois    ∞         Reflect  .   c - +0 helmet
rElec    .         Harm     .   (no cloak)
rCorr    .         Rampage  .   (no gloves)
Will     .....                  (no boots)
Stlth    +.........             i - amulet of the acrobat
HPRegen  0.00/turn              (no ring)
MPRegen  0.08/turn              (no ring)

@: no status effects
A: claws 1, cold resistance 1, negative energy resistance 3, inhibited
regeneration, torment resistance, unbreathing
a: no special abilities


You were on level 2 of the Dungeon.
You visited 1 branch of the dungeon, and saw 2 of its levels.

You collected 67 gold pieces.

Inventory:

Hand Weapons
 a - a +0 long sword (weapon)
Missiles
 d - 3 throwing nets (quivered)
Armour
 c - a +0 helmet (worn)
 m - a +0 ring mail (worn)
Jewellery
 i - an amulet of the acrobat (around neck)
Scrolls
 e - a scroll of amnesia {unknown}
 f - a scroll of remove curse {unknown}
 g - a scroll of teleportation
 h - a scroll of identify {unknown}
 j - a scroll of enchant weapon {unknown}
 l - a scroll of fog {unknown}
 o - a scroll of magic mapping {unknown}
Potions
 b - a potion of attraction {unknown}
 k - a potion of heal wounds {unknown}
 n - 2 potions of berserk rage {unknown}


   Skills:
 - Level 2.1 Fighting
 + Level 3.3 Long Blades
 - Level 1.7 Throwing
 + Level 1.7 Armour
 + Level 3.3 Dodging


You had 3 spell levels left.
You didn't know any spells.
Your spell library was empty.

Dungeon Overview and Level Annotations

Branches:
Dungeon (2/15)

Altars:
Nemelex Xobeh


Innate Abilities, Weirdness & Mutations

You thrive by killing the living.
You are immune to poison.
You have sharp fingernails.
Your flesh is cold resistant. (rC+)
You are immune to negative energy. (rN+++)
You do not regenerate when monsters are visible.
You are immune to unholy pain and torment.
You can survive without breathing.


Message History

You are too injured to fight recklessly!
You are too injured to fight recklessly!
You are too injured to fight recklessly!
You are too injured to fight recklessly!
You are too injured to fight recklessly!
You are too injured to fight recklessly!
The gnoll shouts!
You hit the gnoll.
You kill the gnoll!
You feel better.
You have reached level 4!
The gnoll completely misses you.
Things that are here:
a +0 halberd; a gnoll corpse You barely miss the gnoll.
The gnoll hits you with a +0 flail!
* * * LOW HITPOINT WARNING * * *
You hit the gnoll.
The gnoll is lightly wounded.
The gnoll hits you with a +0 flail.
You die...

#. ###.#..........#
#. #.#####.####.#
#. #..# #..#
#.######## #.
##.###.##
#........# #.
#.##..# ########..
#....#### ###
##......# ###
##.###.##########..
#@# ..........#.#
#g# ######.....#
#.# #..g...##..#
..#####S.....###..
.##S....g...## ##.
#. #.######### #..
.....S..# #...#
####...## ...##
#.#. ..##


You could see a gnoll.

Vanquished Creatures
  2 adders (D:2)
  2 gnolls (D:2)
  A worm (D:2)
  2 leopard geckos
  2 ball pythons (D:1)
  2 giant cockroaches (D:1)
  3 goblins
  3 hobgoblins
  4 kobolds
  A quokka (D:2)
  3 frilled lizards
25 creatures vanquished.

Notes
Turn   | Place    | Note
-------+----------+-------------------------------------------
     0 | D:1      | Borgoz the Ghoul Gladiator began the quest for the Orb.
     0 | D:1      | Reached XP level 1. HP: 17/17 MP: 0/0
   226 | D:1      | Reached XP level 2. HP: 24/24 MP: 1/1
   542 | D:2      | Reached skill level 1 in Armour
   554 | D:2      | Reached XP level 3. HP: 24/29 MP: 2/2
   578 | D:2      | Found a sparkling altar of Nemelex Xobeh.
   986 | D:2      | Reached XP level 4. HP: 12/36 MP: 3/3
   988 | D:2      | Slain by a gnoll

Illustrated notes

Levels and vault maps discovered:
D:1:      tarquinn_simple_flora_water_b, layout_basic, corexii_leaking_fountain
D:2:      layout_rooms, old_standard_altar,
          chequers_temple_overflow_statue_of_worship

Skill      XL: |  1  2 |
---------------+-------+-----
Long Blades    | 3 |  3.3
Dodging        | 3 |  3.3
Armour         | 1 |  1.7
Fighting       | |  2.1
Throwing       | |  1.7

Action                   |  1- 3 |  4- 6 || total
-------------------------+-------+-------++-------
Melee: Long sword        |    70 |     2 ||    72
  Use: Scroll            |     1 |       ||     1
Armor: Leather armour    |    20 |       ||    20
Dodge: Dodged            |    73 |     1 ||    74
       Rpst.: Long sword |    24 |       ||    24
